[Event "*** Titled Tuesday Blitz"]
[Site "Chess.com"]
[Date "2020.12.01"]
[Round "8"]
[White "nochewycandy"]
[Black "rynos0411"]
[Result "0-1"]
[WhiteElo "2528"]
[BlackElo "2397"]
[TimeControl "180+1"]
[EndTime "11:26:31 PST"]
[Termination "rynos0411 won by checkmate"]

1. c4 Nf6 2. g3 e6 3. Bg2 d5 4.
Nf3 Be7 5. O-O O-O 6. b3 c6 7.
Bb2 Nbd7 8. d4 b6 9. Nbd2 Bb7 10. Ne5 Rc8 11. e4 Nxe5 12. dxe5 Nxe4 13. Nxe4 dxe4 14. Bxe4 Qc7 15. Qh5 g6 16. Qf3 Rfd8 17. h4 Bf8 18. h5 Bg7 19. hxg6 hxg6 20. Rfe1 Ba8 21. Kg2 c5 22.
Bxa8 Rxa8 23. Re4 Rd7 24. Rh1 Rad8 25. Reh4 Qb7 26. Re4 Rd3 27. Re3 Qxf3+ 28. Kxf3 Rd2 29. Rb1 Rc2 30. Ree1 Rdd2 31. Bc1 Rxf2+ 32. Kg4 Rxa2 33. Bg5 Rf5 34. Rbd1 Rh2 35. Rd8+ Kh7 36. Bf4 g5 37. Bxg5 Bxe5 38. Rxe5 Rxe5 39. Bf6 Re4+ 40. Kf3 Rhe2 41. g4 Kg6 42. g5 R2e3+ 43. Kf2 Rxb3 44. Rd7 Rxc4 45.
Rxa7 Rc2+ 46. Ke1 Rb1# 0-1

[Event "*** Titled Tuesday Blitz"]
[Site "Chess.com"]
[Date "2020.12.01"]
[Round "8"]
[White "Hikaru"]
[Black "Man-Chuk"]
[Result "1-0"]
[WhiteElo "3189"]
[BlackElo "2871"]
[TimeControl "180+1"]
[EndTime "11:26:32 PST"]
[Termination "Hikaru won by resignation"]

1. Nf3 d5 2. e3 Nf6 3. c4 e6 4. b3 Be7 5. Bb2 O-O 6. g4 c5 7. g5 Ne4 8. h4 Nc6 9. a3 d4 10. d3 Nd6 11. exd4 cxd4 12. b4 e5 13. b5 Na5 14. Nxe5 Re8 15. Be2 Bf8 16. f4 Nf5 17. Kf2 Ne3 18. Qg1 Nb3 19. Ra2 Bf5 20. Qg3 Bd6 21.
a4 f6 22. gxf6 Qxf6 23. Ra3 Rxe5 24. fxe5 Bxe5 25. Qg5 Qf7 26. Rxb3 Bxd3+ 27. Ke1 Bxe2 28. Qxe5 Qxc4 29. Rxe3 Qb4+ 30. Nd2 Qxb2 31. Qe6+ 1-0

[Event "*** Titled Tuesday Blitz"]
[Site "Chess.com"]
[Date "2020.12.01"]
[Round "8"]
[White "nubair1198"]
[Black "jefferyx"]
[Result "1-0"]
[WhiteElo "2842"]
[BlackElo "2912"]
[TimeControl "180+1"]
[EndTime "11:26:33 PST"]
[Termination "nubair1198 won by resignation"]

1. Nf3 c5 2. c4 Nc6 3. b3 Nf6 4. Bb2 d5 5. cxd5 Nxd5 6. Nc3 Nc7 7. Rc1 e5 8. g3 Be7 9. Bg2 Ne6 10. O-O O-O 11. Ne1 f6 12. Nd3 Bd7 13. Nd5 b6 14. Nxe7+ Qxe7 15. b4 Nxb4 16. Nxb4 cxb4 17. Bxa8 Rxa8 18.
d4 exd4 19. Bxd4 Rd8 20. Be3 h5 21. h4 Bb5 22. Qc2 Rd5 23. Rfd1 Re5 24. Rd2 Rxe3 25. fxe3 Nc5 26. e4 Qe5 27. Kh2 Nxe4 28. Qb3+ Kh7 29.
Rd5 Qe8 30. Rc7 Nc3 31. Qc2+ Kg8 32. Rd4 Qe5 33. Rd8+ Be8 34. Rcc8 Kf7 35. Rxe8 Qd4 36. Rf8+ 1-0

[Event "*** Titled Tuesday Blitz"]
[Site "Chess.com"]
[Date "2020.12.01"]
[Round "8"]
[White "QuintilianoR"]
[Black "Kotofeyca"]
[Result "1-0"]
[WhiteElo "2628"]
[BlackElo "2467"]
[TimeControl "180+1"]
[EndTime "11:26:33 PST"]
[Termination "QuintilianoR won by checkmate"]

1. d4 d5 2. c4 c6 3. Nc3 Nf6 4. e3 a6 5. Nf3 Bg4 6. h3 Bxf3 7. Qxf3 e6 8. Bd3 Nbd7 9. O-O Be7 10. Qd1 O-O 11. b3 b5 12. Qc2 Rc8 13. e4 b4 14. Ne2 Nxe4 15. Bxe4 dxe4 16. Qxe4 Bf6 17. Bf4 c5 18. Bd6 Re8 19. Rad1 Qb6 20. Be5 cxd4 21. Bxd4 Bxd4 22. Rxd4 Nc5 23. Qe3 a5 24. Rfd1 a4 25. Ng3 axb3 26. axb3 g6 27. Rh4 f6 28. Ne4 Rf8 29. Qh6 Rc7 30. Nxf6+ Kf7 31. Nxh7 Rh8 32. Ng5+ Ke7 33. Qxh8 Nxb3 34. Rh7# 1-0

[Event "*** Titled Tuesday Blitz"]
[Site "Chess.com"]
[Date "2020.12.01"]
[Round "8"]
[White "Semetey"]
[Black "Rital44"]
[Result "0-1"]
[WhiteElo "2581"]
[BlackElo "2468"]
[TimeControl "180+1"]
[EndTime "11:26:33 PST"]
[Termination "Rital44 won on time"]

1. Nf3 Nf6 2. e3 g6 3. d4 Bg7 4.
Bd3 c5 5. O-O cxd4 6. exd4 O-O 7. Re1 d6 8. h3 b6 9. c4 Bb7 10. Nc3 Nbd7 11. d5 Rc8 12. Bf1 a6 13. a4 a5 14. Be3 Nc5 15. Nd4 Ba6 16. Rc1 Qd7 17. Nc6 Rfe8 18. Nb5 e5 19. Bxc5 bxc5 20. Nxa5 Nh5 21.
Nc6 Nf4 22. b4 cxb4 23. Qb3 Bb7 24. Na5 Ba8 25. Qxb4 Bf8 26. Nb3 Qf5 27. Re3 Qg5 28.
Rg3 Qh6 29. a5 Nxd5 30. cxd5 Rxc1 31. Nxc1 Qxc1 32. Nxd6 Rc8 33. Qb6 Rc2 34. Nxf7 Rb2 35. Qf6 Bxd5 36. Nxe5 Rb1 37. Qa6 Bd6 38. Rg5 Qxg5 39.
Qc8+ Bf8 40. Ng4 Qc1 41. Qa6 Bc4 0-1

[Event "*** Titled Tuesday Blitz"]
[Site "Chess.com"]
[Date "2020.12.01"]
[Round "8"]
[White "RamyresCoelho"]
[Black "Sacbutt"]
[Result "0-1"]
[WhiteElo "2085"]
[BlackElo "2256"]
[TimeControl "180+1"]
[EndTime "11:26:33 PST"]
[Termination "Sacbutt won on time"]

1. e4 d5 2. exd5 Qxd5 3. Nc3 Qd6 4. Nf3 Nf6 5. Be2 Bg4 6. O-O c6 7. h3 Bh5 8. d4 e6 9. Be3 Nbd7 10. Nd2 Bxe2 11. Qxe2 Be7 12. Nde4 Qc7 13. g3 O-O 14. Bf4 Qb6 15. g4 Qxd4 16. Rad1 Qb6 17. g5 Nd5 18. Nxd5 cxd5 19. Ng3 Qxb2 20. h4 Rac8 21. Rd2 Bb4 22. Rd3 Qxc2 23. Qf3 e5 24. Rxd5 exf4 25. Nf5 Nb6 26.
Rdd1 Qxf5 27. Kh2 Rc7 28. h5 Qxg5 29. Qh3 Rc5 30. h6 Qxh6 31. Qxh6 gxh6 0-1

[Event "*** Titled Tuesday Blitz"]
[Site "Chess.com"]
[Date "2020.12.01"]
[Round "8"]
[White "pastouche06"]
[Black "StockholmMissile"]
[Result "0-1"]
[WhiteElo "2487"]
[BlackElo "2386"]
[TimeControl "180+1"]
[EndTime "11:26:34 PST"]
[Termination "StockholmMissile won on time"]

1. d4 d5 2. c4 e6 3. Nc3 Bb4 4. e3 Nf6 5. a3 Be7 6. cxd5 exd5 7. Bd3 O-O 8. Nge2 b6 9. O-O c5 10. dxc5 bxc5 11. b3 Bb7 12. Bb2 Nbd7 13. Rc1 Re8 14.
Bb1 Bf8 15. Nf4 Nb6 16. Qf3 Rb8 17. Qg3 Qe7 18. Qh4 g6 19. Na4 Nfd7 20. Qh3 Nxa4 21.
bxa4 Bc6 22. Ba1 Bg7 23. Bxg7 Kxg7 24. Ba2 Nf6 25. Nd3 c4 26. Nb4 Bxa4 27. Qg3 a5 28. Nc2 Bxc2 29. Rxc2 Qxa3 30. Rd1 Rb2 31. Rxb2 Qxb2 32.
Bb1 a4 33. Qd6 a3 0-1

[Event "*** Titled Tuesday Blitz"]
[Site "Chess.com"]
[Date "2020.12.01"]
[Round "8"]
[White "igorcadilhac"]
[Black "TC2304"]
[Result "0-1"]
[WhiteElo "2440"]
[BlackElo "2343"]
[TimeControl "180+1"]
[EndTime "11:26:36 PST"]
[Termination "TC2304 won on time"]

1. e4 c5 2. Nf3 d6 3. d4 cxd4 4.
Nxd4 Nf6 5. Nc3 a6 6. Bc4 e6 7. Bb3 b5 8. f4 Be7 9. f5 e5 10. Nde2 Bb7 11. Ng3 h5 12. Bg5 h4 13. Bxf6 Bxf6 14.
Nh5 Nd7 15. Nd5 Rc8 16. Qg4 Bxd5 17. Bxd5 Rxc2 18. Nxg7+ Bxg7 19. Qxg7 Qa5+ 20. Kf1 Rf8 21. Qh6 b4 22. Qe3 Qb5+ 23. Ke1 Nc5 24. Kd1 Rxg2 25.
Rc1 Rfg8 26. Re1 Rxh2 27. Rc4 Rgg2 28. Kc1 Qa4 0-1

[Event "*** Titled Tuesday Blitz"]
[Site "Chess.com"]
[Date "2020.12.01"]
[Round "8"]
[White "PaulfromSPb"]
[Black "SantoBlue"]
[Result "0-1"]
[WhiteElo "2696"]
[BlackElo "2893"]
[TimeControl "180+1"]
[EndTime "11:26:37 PST"]
[Termination "SantoBlue won on time"]

1. d4 Nf6 2. Nf3 d5 3. Bf4 Bf5 4. Nh4 e6 5. e3 Bd6 6. Bg3 c5 7.
Nxf5 exf5 8. dxc5 Bxg3 9. hxg3 Qa5+ 10. c3 Qxc5 11. Qb3 Nc6 12. Nd2 O-O 13. Be2 h5 14. Bxh5 g6 15. Be2 Kg7 16. O-O-O a5 17. a4 Ne5 18. Kb1 Rac8 19. Rhf1 Rfd8 20. Nf3 Neg4 21. Nd4 Rd6 22. Bxg4 fxg4 23. Nb5 Re6 24. Rd4 Rh8 25. Rf4 Ne4 26. Rd1 Re5 27. f3 gxf3 28. gxf3 Nxg3 29. e4 Qe3 30. Rxf7+ Kxf7 31. Nd6+ Kf6 32. Qxb7 Re7 33. Qxd5 Kg7 34. Nc4 Qxf3 35. Qd4+ Qf6 36. e5 Qf5+ 37. Ka2 Qe6 38. Qf4 Nh5 39. Qe4 Ng3 40. Qf4 Nf5 41. Ka1 Rh4 42.
Qg5 Rxc4 0-1

[Event "*** Titled Tuesday Blitz"]
[Site "Chess.com"]
[Date "2020.12.01"]
[Round "8"]
[White "Artyom_ChessMate"]
[Black "Durarbayli"]
[Result "0-1"]
[WhiteElo "2568"]
[BlackElo "2750"]
[TimeControl "180+1"]
[EndTime "11:26:37 PST"]
[Termination "Durarbayli won by resignation"]

1. e4 c5 2. Nc3 d6 3. f4 a6 4. a4 e6 5. Nf3 Nf6 6. d3 Nc6 7. g3 Rb8 8. Bg2 b5 9. axb5 axb5 10.
O-O b4 11. Ne2 Bb7 12. f5 exf5 13. exf5 Be7 14. Nf4 Qd7 15. Re1 O-O 16. Ng5 Qxf5 17. h4 Qd7 18. Bh3 Qc7 19. Be3 Ne5 20. Bf2 h6 21.
Ne4 Rfe8 22. Bg2 Nfg4 23. Ra7 Nxf2 24. Nxf2 Qb6 25. Rxb7 Rxb7 26. Bxb7 Qxb7 27. Ne4 Bf8 28. Nd2 Qc6 29. Kf2 d5 30. Nf3 Ng4+ 31. Kg1 Ne3 32. Qd2 d4 33. Kf2 Bd6 34. Ng2 Ng4+ 35. Kf1 Rxe1+ 36. Qxe1 Qxf3+ 0-1

[Event "*** Titled Tuesday Blitz"]
[Site "Chess.com"]
[Date "2020.12.01"]
[Round "8"]
[White "suyu28"]
[Black "kirillshevchenko"]
[Result "0-1"]
[WhiteElo "2653"]
[BlackElo "2861"]
[TimeControl "180+1"]
[EndTime "11:26:38 PST"]
[Termination "kirillshevchenko won by resignation"]

1. c4 Nf6 2. Nc3 g6 3. g3 Bg7 4. Bg2 O-O 5. d4 d6 6. Nf3 Nc6 7. O-O Bf5 8. d5 Na5 9. Nd2 c5 10. e4 Bd7 11. Qc2 Rb8 12. b3 a6 13. Bb2 b5 14. Rab1 e5 15. Ne2 Nh5 16. Bc3 b4 17.
Bb2 f5 18. f4 exf4 19. Bxg7 Kxg7 20. Nxf4 Nxf4 21. gxf4 Qf6 22. Rbe1 Rbe8 23. e5 dxe5 24. fxe5 Rxe5 25. Rxe5 Qxe5 26. Nf3 Qf6 27. Re1 Nb7 28. Ne5 Re8 29. Qb2 Nd6 30. Qa1 Bc8 31. Nd3 Rxe1+ 32. Qxe1 Qd4+ 33. Nf2 Kf6 34. Kh1 Bd7 35. h3 Nf7 36.
Qf1 Kg7 37. Qe2 Ne5 38. Nd1 f4 39. Nf2 Bf5 40. Bf3 Qe3 41. Qxe3 fxe3 42. Nd1 Nxf3 43. Nxe3 Bb1 44. d6 Ne5 45. Ng4 Nd7 46. Ne3 Bxa2 47.
Nd5 Bxb3 48. Ne7 Bxc4 49. Nc6 Bb5 50. Na5 c4 0-1

[Event "*** Titled Tuesday Blitz"]
[Site "Chess.com"]
[Date "2020.12.01"]
[Round "8"]
[White "gross-aleks"]
[Black "Chesswizard_2007"]
[Result "0-1"]
[WhiteElo "2533"]
[BlackElo "2685"]
[TimeControl "180+1"]
[EndTime "11:26:38 PST"]
[Termination "Chesswizard_2007 won by resignation"]

1. c4 g6 2. d4 Bg7 3. Nf3 d6 4. g3 Nf6 5. Bg2 O-O 6. O-O Nc6 7. Nc3 a6 8. a3 Rb8 9. b4 b5 10. Bb2 bxc4 11. Qa4 Na7 12. Nd2 d5 13. e4 e6 14.
e5 Nd7 15. f4 Nb5 16. Nf3 c6 17. g4 f5 18. exf6 Nxf6 19. h3 Nd7 20. Rad1 Rxf4 21.
Ne2 Rf8 22. Qc2 Nd6 23. Bc1 Qb6 24. Kh1 Ne4 25. Be3 a5 26. Ng5 Nxg5 27. Bxg5 axb4 28.
Be7 Rxf1+ 29. Rxf1 b3 30. Qd2 Ba6 31. Qf4 c3 32. Qf7+ Kh8 33. Qxe6 Bxe2 34. Qxe2 b2 35. Rb1 Qxd4 36. Bd6 Rg8 37. Bf1 Be5 38. Bb4 Qe4+ 39. Qxe4 dxe4 0-1

[Event "*** Titled Tuesday Blitz"]
[Site "Chess.com"]
[Date "2020.12.01"]
[Round "8"]
[White "KetiTsatsalashvili"]
[Black "PawnEatingZombie"]
[Result "0-1"]
[WhiteElo "2316"]
[BlackElo "2188"]
[TimeControl "180+1"]
[EndTime "11:26:38 PST"]
[Termination "PawnEatingZombie won by checkmate"]

1. d4 d5 2. Nf3 e6 3. g3 b5 4. Bg2 Nf6 5. O-O Bb7 6. a4 b4 7. c4 c5 8. Ne5 Nbd7 9. Bf4 cxd4 10. Qxd4 Bc5 11. Qd1 O-O 12. Qc2 Rc8 13. Nd2 h6 14. Nxd7 Qxd7 15. Be5 Ng4 16. Bf4 e5 17. h3 Nxf2 18.
Bxe5 Nd3+ 19. Kh2 Nxe5 20. Rf5 Nxc4 21. Nxc4 dxc4 22. Rd1 b3 23. Qb1 Qe7 24. e4 Rfd8 25. Rdf1 f6 26. Qc1 Bd4 27. Rb5 Bxe4 28. Re1 f5 29.
Rxf5 Qd7 30. Bxe4 c3 31. bxc3 Rxc3 32. Qb1 Qc7 33. Rd5 Qxg3+ 34. Kh1 Qxh3# 0-1

[Event "*** Titled Tuesday Blitz"]
[Site "Chess.com"]
[Date "2020.12.01"]
[Round "8"]
[White "chidori_boruto"]
[Black "PlotnikovPavel"]
[Result "1-0"]
[WhiteElo "2690"]
[BlackElo "2474"]
[TimeControl "180+1"]
[EndTime "11:26:39 PST"]
[Termination "chidori_boruto won by checkmate"]

1. c4 e5 2. Nc3 d6 3. g3 f5 4. Bg2 Nf6 5. d3 Be7 6. e3 O-O 7. Nge2 c6 8. O-O Qe8 9. b4 Be6 10. b5 d5 11. bxc6 bxc6 12. cxd5 cxd5 13. d4 e4 14. Qa4 Qxa4 15. Nxa4 Nbd7 16. Bd2 g5 17. Rfc1 Rfc8 18. h4 h6 19. hxg5 hxg5 20.
Rab1 Ba3 21. Rxc8+ Rxc8 22. Nec3 a6 23. Bf1 Ra8 24. Nb6 Ra7 25. Rb3 Bd6 26. Nc8 Rc7 27. Nxd6 f4 28. exf4 gxf4 29. Bxf4 Rc6 30. Ra3 a5 31. Ndb5 Nh5 32. Be3 Bg4 33. Rxa5 Bf3 34.
Ra8+ Kf7 35. Ra7 Ke6 36. Bh3+ Kf6 37. Bxd7 Rc4 38. Nxd5+ Kg6 39. Nbc3 Nf6 40. Ra6 Kg7 41. Rxf6 Kg8 42. Rc6 Kg7 43. Rxc4 Be2 44. Nxe2 Kf7 45. Bf5 Kf8 46. Rc7 Ke8 47. Rd7 Kf8 48. a4 Ke8 49. a5 Kf8 50. a6 Ke8 51. a7 Kf8 52. a8=Q# 1-0

[Event "*** Titled Tuesday Blitz"]
[Site "Chess.com"]
[Date "2020.12.01"]
[Round "8"]
[White "Vanina1989"]
[Black "youngKID"]
[Result "0-1"]
[WhiteElo "2648"]
[BlackElo "2849"]
[TimeControl "180+1"]
[EndTime "11:26:40 PST"]
[Termination "youngKID won by resignation"]

1. d4 Nf6 2. c4 g6 3. Nf3 Bg7 4.
Nc3 O-O 5. e4 d6 6. Be2 Nbd7 7.
O-O e5 8. Be3 c6 9. h3 exd4 10.
Nxd4 Re8 11. Qc2 Qe7 12. Rfe1 Nxe4 13. Nxe4 Qxe4 14. Qd2 Nc5 15. Bf3 Qd3 16. Rad1 Qxd2 17. Rxd2 Bd7 18. Ne2 Bf5 19. Rxd6 Nd3 20. Rf1 Nxb2 21.
Ng3 Be6 22. c5 Nc4 23. Rdd1 Nxe3 24. fxe3 Bxa2 25. Ne4 Re7 26. Nd6 Rb8 27. Rf2 Be6 28. Rb1 Rc7 29. Kh1 Be5 30. Rd2 b5 31. Be4 a5 32. Bf3 a4 33. Ne4 a3 0-1

[Event "*** Titled Tuesday Blitz"]
[Site "Chess.com"]
[Date "2020.12.01"]
[Round "8"]
[White "aa175"]
[Black "ARMQUEEN"]
[Result "0-1"]
[WhiteElo "2335"]
[BlackElo "2485"]
[TimeControl "180+1"]
[EndTime "11:26:40 PST"]
[Termination "ARMQUEEN won by checkmate"]

1. d4 d5 2. Bf4 c5 3. e3 Nf6 4. Nf3 Nc6 5. Nbd2 Qb6 6. dxc5 Qxb2 7. Rb1 Qxa2 8. Bb5 Qa5 9. Ne5 Bd7 10. Nxd7 Nxd7 11.
O-O e5 12. Bg3 Bxc5 13. c4 d4 14. Nb3 Qb6 15. Nxc5 Qxc5 16. exd4 exd4 17. Re1+ Kf8 18. Bxc6 bxc6 19. Rb7 Nf6 20. Re5 Qxc4 21. Ree7 Re8 22.
Bd6 Kg8 23. Rxe8+ Nxe8 24. Rb8 Qe6 25. h3 h6 26. Qd3 g6 27. Qxd4 Kh7 28. Be5 Rg8 29. Bg3 Nf6 30. Qxa7 Rxb8 31. Qxb8 Ne4 32. Be5 Nf6 33. Bxf6 Qxf6 34. Qc7 Kg7 35. g3 Qe6 36. Kh2 Qd5 37. h4 c5 38. g4 c4 39. g5 hxg5 40.
hxg5 Qd4 41. f4 c3 42. f5 Qh4+ 43. Kg2 Qxg5+ 44. Kh2 Qd2+ 45. Kh3 Qd3+ 46. Kh2 Qc2+ 47. Kh3 Qxf5+ 48. Kh2 c2 49. Qg3 c1=Q 50. Kg2 Qff1+ 51. Kh2 Qh1# 0-1

[Event "*** Titled Tuesday Blitz"]
[Site "Chess.com"]
[Date "2020.12.01"]
[Round "8"]
[White "Gurvich_Vitaly"]
[Black "Region_07"]
[Result "1-0"]
[WhiteElo "2609"]
[BlackElo "2464"]
[TimeControl "180+1"]
[EndTime "11:26:42 PST"]
[Termination "Gurvich_Vitaly won on time"]

1. e4 Nc6 2. Nf3 f5 3. Nh4 fxe4 4. Qh5+ g6 5. Nxg6 Nf6 6. Qh4 Rg8 7. Nxf8 Rxf8 8. d3 d5 9. Nc3 Nd4 10. Kd1 Bf5 11. Be3 c5 12. h3 exd3 13. Bxd4 cxd4 14. Qxd4 dxc2+ 15. Kd2 Qd6 16. f4 O-O-O 17. Nb5 Ne4+ 18. Ke3 Qe6 19. Qxa7 Ng3+ 20. Kf3 Nxh1 21. Qa8+ Kd7 22.
Qxb7+ Ke8 23. Nc7+ Kf7 24. Nxe6 Bxe6 25. Bd3 d4 26.
Ke2 Bd5 27. Qb6 Ng3+ 28. Kd2 Rc8 29. Qh6 Rfd8 30. Qxh7+ Ke8 31. Qg6+ Bf7 32. Qxg3 e5 33. fxe5 1-0

[Event "*** Titled Tuesday Blitz"]
[Site "Chess.com"]
[Date "2020.12.01"]
[Round "8"]
[White "Kislov_Oleg"]
[Black "Vojtap"]
[Result "1-0"]
[WhiteElo "2368"]
[BlackElo "2137"]
[TimeControl "180+1"]
[EndTime "11:26:42 PST"]
[Termination "Kislov_Oleg won on time"]

1. e4 c5 2. Nf3 d6 3. c3 Nf6 4. Be2 g6 5. O-O Bg7 6. Re1 O-O 7. Bf1 Nc6 8. d4 cxd4 9. cxd4 e5 10. d5 Ne7 11. h3 Nd7 12. Nc3 f5 13. Ng5 Nc5 14.
exf5 Nxf5 15. Nce4 Nxe4 16. Rxe4 Nd4 17. Be3 Bf5 18. Bxd4 Bxe4 19. Ne6 Qf6 20. Nxf8 Rxf8 21. Be3 Qh4 22. Qd2 Rc8 23. Rc1 Qd8 24. Rxc8 Qxc8 25.
Bxa7 Bb1 26. a4 Qc2 27. Qxc2 Bxc2 28. a5 e4 29. b4 Bb3 30. Bb8 Be5 31. b5 Bxd5 32. a6 bxa6 33. bxa6 Bc6 34. Bc4+ Kf8 35. Be6 Ke7 36. Bc8 Ba8 37. Bb7 1-0

[Event "*** Titled Tuesday Blitz"]
[Site "Chess.com"]
[Date "2020.12.01"]
[Round "8"]
[White "scarabee43"]
[Black "anon481216"]
[Result "1-0"]
[WhiteElo "2571"]
[BlackElo "2416"]
[TimeControl "180+1"]
[EndTime "11:26:46 PST"]
[Termination "scarabee43 won by resignation"]

1. Nf3 c5 2. c4 Nc6 3. Nc3 e5 4. e3 Nf6 5. d4 cxd4 6. exd4 e4 7. Ne5 Bb4 8. Be2 O-O 9. O-O d6 10. Nxc6 bxc6 11. Bg5 Bxc3 12. bxc3 h6 13. Bh4 Bf5 14. Qd2 g5 15. Bg3 Bg6 16. h4 Nh5 17. Bxh5 Bxh5 18. Rfe1 Re8 19. Qc2 Bg6 20. hxg5 hxg5 21. Rad1 e3 22. Qe2 exf2+ 23. Qxf2 Qd7 24. Qf6 g4 25. Bxd6 Re6 26. Rxe6 Qxe6 27. Qxe6 fxe6 28. Re1 Kf7 29. Rf1+ Bf5 30. d5 Rd8 31. Bc7 Rd7 32. d6 Kg6 33. c5 e5 34. Kf2 Kf6 35. Ke3 Rh7 36. Rf2 Ke6 37. Re2 Rh1 38. Kf2 Rb1 39. Rxe5+ Kf6 40.
Rxf5+ 1-0

[Event "*** Titled Tuesday Blitz"]
[Site "Chess.com"]
[Date "2020.12.01"]
[Round "8"]
[White "ecwinslow"]
[Black "GMaka"]
[Result "1/2-1/2"]
[WhiteElo "2266"]
[BlackElo "2435"]
[TimeControl "180+1"]
[EndTime "11:26:46 PST"]
[Termination "Game drawn - insufficient material"]

1. e4 c6 2. d4 d5 3. exd5 cxd5 4. c4 Nf6 5. Nc3 Nc6 6. Bg5 Be6 7. Nge2 dxc4 8.
Nf4 Qxd4 9. Nxe6 fxe6 10. Qxd4 Nxd4 11. O-O-O e5 12. Bxc4 Rc8 13. Bd3 e6 14. Kb1 Bb4 15.
Ne4 O-O 16. f3 Nd5 17. Rhe1 h6 18. Bd2 Bxd2 19. Rxd2 Nf4 20. Bf1 Rfd8 21. Red1 Rc6 22. b3 Rdc8 23. g3 Nd5 24. f4 Ne3 25. Re1 Ndc2 26.
Ree2 Nxf1 27. Rxc2 Rxc2 28. Rxc2 Rxc2 29. Kxc2 exf4 30.
gxf4 Nxh2 31. Nc5 g5 32. fxg5 hxg5 33. Nxe6 g4 34. Kd3 Kf7 35. Nd8+ Kf6 36. Nxb7 Ke5 37. Ke3 g3 38. Nc5 Kf5 39. Nd3 Kg4 40. Ne1 Nf1+ 41. Ke2 Nh2 42. b4 Kf4 43. a4 Ke4 44. b5 Ng4 45. a5 Ne5 46. b6 axb6 47. axb6 Nc6 48. Kf1 Kd4 49. Kg2 Kc5 50. Kxg3 Kxb6 1/2-1/2

[Event "*** Titled Tuesday Blitz"]
[Site "Chess.com"]
[Date "2020.12.01"]
[Round "8"]
[White "Rap_woyska"]
[Black "StephenDedalus83"]
[Result "0-1"]
[WhiteElo "2491"]
[BlackElo "2713"]
[TimeControl "180+1"]
[EndTime "11:26:47 PST"]
[Termination "StephenDedalus83 won by resignation"]

1. c4 g6 2. Nf3 Bg7 3. Nc3 d6 4. d4 Bg4 5. h3 Bxf3 6. exf3 Nc6 7. d5 Nd4 8. Be3 c5 9. dxc6 Nxc6 10. Qd2 Nf6 11. Rc1 Qa5 12. Be2 O-O 13. b3 Rac8 14.
O-O Rfd8 15. f4 d5 16. Nxd5 Qxd2 17. Bxd2 Nxd5 18. cxd5 Rxd5 19. Be3 Rd7 20. Bf3 Rdc7 21. Rc4 b5 22. Rc5 Nd4 23. Bxd4 Rxc5 24. Bxc5 Rxc5 25. Rd1 Rc2 26. Rd8+ Bf8 27. a4 bxa4 28. bxa4 e6 29.
g3 Kg7 30. Rd1 Bc5 31. Rf1 Rc4 32. Ra1 Rc3 33. Kg2 Rc2 34. Rf1 Ra2 35. Bc6 Kf6 36. h4 Ke7 37. Bb5 h6 38. Kf3 f5 39. Kg2 Kf6 40. Kf3 g5 41. hxg5+ hxg5 42. fxg5+ Kxg5 43. Kg2 e5 44. Kf3 e4+ 45. Kg2 e3 46. Kf3 exf2 47. Rd1 Rb2 48. Kg2 Kg4 49. Rc1 Be3 50. Rc4+ Kg5 51.
Rc3 Bb6 52. Rf3 Rb1 53. Bd7 Rg1+ 54. Kh2 f1=Q 0-1

[Event "*** Titled Tuesday Blitz"]
[Site "Chess.com"]
[Date "2020.12.01"]
[Round "8"]
[White "Qvalda"]
[Black "NitaLucian"]
[Result "1-0"]
[WhiteElo "2438"]
[BlackElo "2307"]
[TimeControl "180+1"]
[EndTime "11:26:47 PST"]
[Termination "Qvalda won by resignation"]

1. e4 d6 2. Nc3 Nf6 3. f4 e5 4.
Nf3 Nbd7 5. Bc4 Be7 6. d3 O-O 7. O-O c6 8. a4 a5 9. f5 Nb6 10. Bb3 Qc7 11. Qe2 Nfd7 12. g4 Nc5 13.
Ba2 Ncxa4 14. Nxa4 Nxa4 15. g5 Nc5 16. Nh4 Kh8 17.
f6 Bd8 18. Qh5 g6 19. Qh6 Rg8 20. Rf3 Bg4 21. Rg3 Bh5 22. Nf5 d5 23. Ng7 dxe4 24.
Nxh5 gxh5 25. Qxh5 Rg6 26. Rh3 h6 27. Be3 Qd6 28.
Bxf7 Qxf6 29. Bxg6 Qg7 30. gxh6 Qf6 31. Rf1 Qe6 32. Bf5 Qg8+ 33. Rg3 Bf6 34. Rxg8+ Rxg8+ 35. Kh1 exd3 36. cxd3 Na6 37. h7 Rg7 38. Qe8+ 1-0

[Event "*** Titled Tuesday Blitz"]
[Site "Chess.com"]
[Date "2020.12.01"]
[Round "8"]
[White "Micki-taryan"]
[Black "daro94"]
[Result "1-0"]
[WhiteElo "3018"]
[BlackElo "2859"]
[TimeControl "180+1"]
[EndTime "11:26:48 PST"]
[Termination "Micki-taryan won by resignation"]

1. Nf3 Nf6 2. d4 g6 3. Nc3 d5 4. Bf4 Bg7 5. Nb5 Na6 6. e3 O-O 7. Be2 c6 8. Nc3 Nc7 9. h4 h5 10. Ne5 Ne6 11. Bh2 c5 12. Qd2 Bd7 13. Nxd7 Qxd7 14.
Be5 cxd4 15. exd4 Rac8 16. f3 Ne8 17. Qe3 Nd6 18. g4 hxg4 19. fxg4 Ne4 20. Bxg7 Kxg7 21.
Nxe4 dxe4 22. c3 Qd5 23. Bf1 b5 24. Bg2 f5 25. h5 Rh8 26. Kd2 b4 27. gxf5 bxc3+ 28.
bxc3 gxf5 29. h6+ Kf7 30. Rh5 Rb8 31. Rxf5+ Qxf5 32. Rf1 Qxf1 33. Bxf1 Rb2+ 34. Kc1 Rh2 35. d5 Rh1 36. dxe6+ Kf6 37. Qf4+ Kxe6 38. Qxe4+ 1-0

[Event "*** Titled Tuesday Blitz"]
[Site "Chess.com"]
[Date "2020.12.01"]
[Round "8"]
[White "Alomaterapia"]
[Black "Mikasinski"]
[Result "1-0"]
[WhiteElo "2449"]
[BlackElo "2296"]
[TimeControl "180+1"]
[EndTime "11:26:49 PST"]
[Termination "Alomaterapia won by resignation"]

1. e4 c5 2. c3 Nf6 3. e5 Nd5 4.
Nf3 e6 5. d4 cxd4 6. cxd4 d6 7.
Bd3 Qc7 8. O-O Nb4 9. Nc3 Nxd3 10. Qxd3 a6 11. Bf4 d5 12. Rac1 Nc6 13. Ng5 h6 14. Nf3 Bd7 15. Bg3 Rc8 16. Nxd5 exd5 17. e6 Bd6 18. exd7+ Qxd7 19. Rfe1+ Kf8 20. Bxd6+ Qxd6 21. Qf5 Re8 22. Rxe8+ Kxe8 23. Qc8+ Nd8 24. Ne5 Qe6 25. Qxe6+ fxe6 26. Rc7 Rg8 27. f3 g5 28. b4 b5 29.
Kf2 Rf8 30. Ke3 Rf4 31. g3 Rf5 32. Ra7 h5 33. Rxa6 Ke7 34. Ra7+ Kf6 35. Rd7 g4 36. fxg4 hxg4 37. Rxd8 1-0

[Event "*** Titled Tuesday Blitz"]
[Site "Chess.com"]
[Date "2020.12.01"]
[Round "8"]
[White "GM_LOADING"]
[Black "mbojan"]
[Result "0-1"]
[WhiteElo "2468"]
[BlackElo "2659"]
[TimeControl "180+1"]
[EndTime "11:26:51 PST"]
[Termination "mbojan won on time"]

1. Nf3 d5 2. g3 c5 3. Bg2 Nc6 4. d4 Nf6 5. O-O cxd4 6. Nxd4 e6 7. c4 Bc5 8. Be3 Bb6 9. Nc3 O-O 10. cxd5 exd5 11.
h3 Re8 12. Rc1 Rxe3 13. fxe3 Qd6 14. Rf4 a6 15. Qd2 Ne5 16. Rcf1 Be6 17. Nxe6 fxe6 18. Rxf6 gxf6 19. Ne4 Qc7 20. Nxf6+ Kh8 21. Kh2 Nc4 22. Qd3 Nxe3 23. Rf3 Qg7 24. Nh5 Qg6 25. Nf4 Qxd3 26. exd3 Re8 27. Kg1 Nf5+ 28. Kh2 Nd4 29. Rf1 Bc7 30.
Rc1 Bxf4 31. gxf4 Re7 32. Rc8+ Kg7 33. Bf1 Rf7 34. Kg3 Nf5+ 35. Kf2 Nd6 36. Be2 Nxc8 37. Ke3 Nd6 0-1

[Event "*** Titled Tuesday Blitz"]
[Site "Chess.com"]
[Date "2020.12.01"]
[Round "8"]
[White "Isajevsky_Anton"]
[Black "MashaFromRussia"]
[Result "1-0"]
[WhiteElo "2577"]
[BlackElo "2434"]
[TimeControl "180+1"]
[EndTime "11:26:53 PST"]
[Termination "Isajevsky_Anton won by checkmate"]

1. c4 e5 2. g3 d6 3. Bg2 g6 4.
Nc3 Bg7 5. e3 f5 6. Nge2 Nf6 7.
O-O O-O 8. d3 c6 9. b4 Qc7 10.
b5 Nbd7 11. a4 Nc5 12. Ba3 Be6 13. a5 Rfd8 14. a6 e4 15. axb7 Qxb7 16. d4 Nd3 17. bxc6 Qxc6 18. d5 Qxc4 19. dxe6 Ng4 20. e7 Rd7 21.
Qd2 Rxe7 22. Rab1 Rd7 23. Nb5 d5 24. Nf4 d4 25. Nxd4 Bxd4 26. exd4 Qxd4 27. Nxd3 Qxd3 28. Qa2+ Kg7 29. Bb2+ Kh6 30. Qe6 Rad8 31. h3 Rd6 32. Qe7 Nf6 33. Bxf6 R8d7 34. Qf8+ Kh5 35. Be5 e3 36.
Bxd6 e2 37. Rfe1 Rxd6 38. Qe7 Rb6 39. Qh4# 1-0